 Dungeon Crawl Stone Soup version 0.29-a0-555-g3b24f45cc1 (webtiles) character file.

Game seed: 2282215283051769121

121 vulpzor the Grasshopper (level 5, -1/35 HPs)
             Began as an Octopode Warper on June 7, 2022.
             Slain by an orc
             ... wielding a +0 dagger
              (2 damage)
             ... on level 3 of the Dungeon.
             The game lasted 00:11:33 (2993 turns).

vulpzor the Grasshopper (Octopode Warper)           Turns: 2993, Time: 00:11:34

Health: -1/35      AC:  1    Str: 12    XL:     5   Next: 5%
Magic:  6/8        EV: 13    Int: 16    God:
Gold:   117        SH:  0    Dex: 11    Spells: 2/8 levels left

rFire   . . .      SeeInvis .   a - +0 spear
rCold   + . .      Faith    .   (no shield)
rNeg    . . .      Spirit   .   (helmet restricted)
rPois   .          Reflect  .   (no amulet)
rElec   .          Harm     .   e - ring of protection from cold
rCorr   .          Rampage  .   (no ring)
Will    .....                   (no ring)
Stlth   +++.......              (no ring)
HPRegen 0.11/turn               (no ring)
MPRegen 0.11/turn               (no ring)
                                (no ring)
                                (no ring)

@: about to teleport, on blink cooldown
A: almost no armour, amphibious, 8 rings, camouflage 1, gelatinous body 1,
(nimble swimmer 1), tentacles
a: no special abilities


You were on level 3 of the Dungeon.
You visited 1 branch of the dungeon, and saw 3 of its levels.

You collected 117 gold pieces.

Inventory:

Hand Weapons
 a - a +0 spear (weapon)
 h - a +0 hunting sling
Missiles
 c - 7 boomerangs of dispersal (quivered)
 m - 31 stones
 s - 4 poisoned darts
Armour
 g - a +2 pair of gloves
Jewellery
 e - a ring of protection from cold (left tentacle)
Scrolls
 b - 2 scrolls of blinking
 d - a scroll of silence
 f - 2 scrolls of teleportation
 o - a scroll of magic mapping
 p - a scroll of amnesia
Potions
 i - a potion of lignification {unknown}
 j - 2 potions of heal wounds
 k - a potion of degeneration {unknown}
 l - 2 potions of haste {unknown}
 n - a potion of berserk rage {unknown}
 q - a potion of attraction {unknown}
 r - a potion of cancellation {unknown}


   Skills:
 + Level 2.4 Fighting
 + Level 3.3 Polearms
 + Level 1.1 Throwing
 + Level 3.1 Dodging
 + Level 2.1 Stealth
 + Level 2.3 Spellcasting
 + Level 3.3 Translocations


You had 2 spell levels left.
You knew the following spells:

 Your Spells              Type           Power      Damage    Failure   Level
a - Sandblast             Erth           2%         2d4       21%         1
b - Blink                 Tloc           24%        N/A       8%          2
c - Teleport Other        Tloc           12%        N/A       16%         3

Your spell library contained the following spells:

 Spells                   Type           Power      Damage    Failure   Level
 Magic Dart               Conj           4%         1d3       21%         1
 Call Imp                 Summ           1%         N/A       30%         2
 Passwall                 Tmut/Erth      0%         N/A       30%         2
 Gell's Gravitas          Tloc           12%        N/A       16%         3
 Lesser Beckoning         Tloc           12%        N/A       16%         3
 Mephitic Cloud           Conj/Pois/Air  1%         N/A       52%         3
 Stone Arrow              Conj/Erth      2%         3d7       52%         3
 Manifold Assault         Tloc           12%        N/A       82%         5


Dungeon Overview and Level Annotations

Branches:
Dungeon (3/15)

Altars:

Shops:
D:2 [


Innate Abilities, Weirdness & Mutations

You cannot wear most types of armour.
You are amphibious.
You can wear up to eight rings at the same time.
Your skin changes colour to match your surroundings (Stealth+).
Your rubbery body absorbs attacks. (AC +1, EV +1)
((You are camouflaged when in or above water. (Stealth+)))
You have tentacles for arms and can constrict up to eight enemies at once.


Message History

The orc attacks as you move away! The orc closely misses you.
The orc wizard casts a spell at you. The magic dart hits you.
You closely miss the orc. You grab the orc. Your squeeze misses the orc.
You constrict the orc. The orc hits you with a +0 dagger.
The orc shouts!
You hit the orc but do no damage. You squeeze the orc.
You kill the orc!
The orc wizard gestures at you while chanting.
The puff of flame hits you!
The orc wizard casts a spell.
The orc wizard flickers and vanishes!
Deactivating autopickup; reactivate with Ctrl-A.
A ball python comes into view.
A puff of flame appears from out of thin air!
The puff of flame hits you.
The ball python hisses angrily.
The ball python closely misses you. x2
You hit the ball python.
You kill the ball python!
Something hits you.
You closely miss something. You squeeze something.
You hit the orc but do no damage. Your grab misses the orc.
You squeeze the orc.
The orc is heavily wounded.
Something hits you.
* * * LOW HITPOINT WARNING * * *
The orc hits you with a +0 dagger.
* * * LOW HITPOINT WARNING * * *
Okay, then.
Cast which spell? (? or * to list)
You blink.
Casting: Blink (safe; 8% risk of failure)
Confirm with . or Enter, or press ? or * to list all spells.
You are still too unstable to blink.
As you read the scroll of teleportation, it crumbles to dust.
You feel strangely unstable. Something hits you.
* * * LOW HITPOINT WARNING * * *
The orc hits you with a +0 dagger.
You die...

.#. ... .... #.#
###...##.#
##...#....####
#....###.....###
..........##.§†#########
#.........####.{@......#
......)........o.......#
#.........######.......#
......###.# #########
#...#...#.##
#.#.###....#
.........#.# ########
.........#.#### #......#
o.............# #...[..#


You could see an orc.

Vanquished Creatures
  A hound (D:3)
  3 gnolls (D:2)
  2 worms
  2 dart slugs (D:2)
  An orc (D:3)
  7 bats
  3 endoplasms
  3 giant cockroaches
  3 goblins
  2 hobgoblins (D:1)
  3 quokkas (D:1)
  7 ball pythons
  4 frilled lizards
  7 kobolds
  2 rats (D:2)
50 creatures vanquished.

Notes
Turn   | Place    | Note
-------+----------+-------------------------------------------
     0 | D:1      | vulpzor the Octopode Warper began the quest for the Orb.
     0 | D:1      | Reached XP level 1. HP: 14/14 MP: 3/3
   478 | D:1      | Learned a level 1 spell: Sandblast
   492 | D:1      | Reached XP level 2. HP: 11/19 MP: 5/5
  1105 | D:1      | Reached XP level 3. HP: 19/24 MP: 6/6
  1321 | D:2      | Found Pirghiqe's Antique Armour Emporium.
  1809 | D:2      | Reached skill level 1 in Stealth
  1814 | D:2      | Reached XP level 4. HP: 12/29 MP: 7/7
  2230 | D:2      | Learned a level 2 spell: Blink
  2234 | D:2      | Learned a level 3 spell: Teleport Other
  2743 | D:3      | Reached XP level 5. HP: 19/35 MP: 8/8
  2993 | D:3      | HP: 1/35 [something (3)]
  2993 | D:3      | Slain by an orc

Illustrated notes

Levels and vault maps discovered:
D:1:      roderic_dead_forest, layout_rooms
D:2:      layout_basic, serial_shops, nicolae_shop_hallway_stairs
D:3:      layout_rooms, lemuel_coloured_pillars_altar,
          nicolae_vehumet_altar_sigil,
          dreamdust_ecumenical_altar_hidden_monk_grotto, interstate_on_off,
          uniq_jessica

Skill      XL: |  1  2  3  4 |
---------------+-------------+-----
Stealth        | 1 2 |  2.1
Dodging        | 3 |  3.1
Polearms       | 3 |  3.3
Fighting       | |  2.4
Throwing       | |  1.1
Spellcasting   | |  2.3
Translocations | |  3.3

Action                   |  1- 3 |  4- 6 || total
-------------------------+-------+-------++-------
Melee: Spear             |    75 |    38 ||   113
       Constrict         |    15 |     7 ||    22
       Tentacles         |     8 |    11 ||    19
       Punch             |     1 |       ||     1
 Cast: Blink             |       |     1 ||     1
  Use: Scroll            |     3 |     3 ||     6
 Stab: Sleeping          |     3 |     4 ||     7
Armor: Skin              |    13 |     2 ||    15
Dodge: Dodged            |    57 |    17 ||    74

Table legend: (Time is in decaauts)
 A = Elapsed time spent in this place.
 B = Non-inter-level travel time spent in this place.
 C = Inter-level travel time spent in this place.
 D = Time resting spent in this place.
 E = Time spent auto-exploring this place.
 F = Levels seen in this place.
 G = Mean time per level.
                   A        B        C        D        E       F      G
               +--------+--------+--------+--------+--------+-----+--------+
         Total |   2989 |   2989 |      0 |   1110 |    963 |   3 |  996.3 |
       Dungeon |   2989 |   2989 |      0 |   1110 |    963 |   3 |  996.3 |
               +--------+--------+--------+--------+--------+-----+--------+

Top non-repeatable levels by time:
     D:1: 1320 daAuts
     D:2: 1238 daAuts
     D:3: 430 daAuts
